AoeStats
← StabbyMcStab

Arabia

504033552Analyzed
3v3 RM · 1mo ago on Sep 3, 2026· 37m 19s· 6 players
Game mode
Random Map
Map size
Normal (6 player)
Population
200
Speed
Normal
Resources
Standard
Victory
Conquest
Starting age
Dark Age
Ending age
Imperial Age
RankedLock teamsTeams togetherTeam positionsShared explorationLock speedFull tech treeHidden civsTurbo modeCheats
Victory
Defeat
🇺🇸 Turks · United States
759
+4
🇺🇸 Huns · United States
652
+6
🇵🇹 Franks · Portugal
562
+8
🇧🇷 Teutons · Brazil
439
-7
🇺🇸 Teutons · United States
395
-6
🇨🇳 Wei · China
374
-5
CapitãO_PreSenÇa
0:40 Loom
2:14 Loom
12:56 Feudal Age
14:19 Wheelbarrow
13:36 Double-Bit Axe
14:23 Stone Mining
14:52 Gold Mining
16:01 Horse Collar
19:19 Town Watch
23:17 Fletching
25:31 Castle Age
27:51 Hand Cart
27:56 Bow Saw
27:25 Pikeman
28:31 Forging
28:28 Gambesons
29:10 Scale Mail Armor
29:56 Heavy Plow
30:33 Stone Shaft Mining
30:53 Squires
全力释放
1:44 Loom
11:34 Feudal Age
17:14 Wheelbarrow
16:28 Town Watch
24:54 Castle Age
22:45 Double-Bit Axe
22:43 Horse Collar
27:05 Bow Saw
26:58 Heavy Plow
27:53 Hand Cart
27:48 Town Patrol
29:30 Caravan
30:02 Coinage
32:51 Thumb Ring
Yurmus
4:56 Loom
12:17 Feudal Age
14:32 Double-Bit Axe
15:25 Wheelbarrow
14:32 Horse Collar
20:08 Forging
19:58 Scale Mail Armor
27:20 Castle Age
25:37 Man-at-Arms
28:53 Long Swordsman
29:21 Gambesons
29:37 Squires
PiemelXXL
2:51 Loom
14:03 Feudal Age
18:50 Castle Age
16:44 Gold Mining
16:53 Double-Bit Axe
18:00 Forging
18:51 Stone Mining
19:48 Bow Saw
21:34 Wheelbarrow
21:09 Fletching
23:22 Hand Cart
27:35 Iron Casting
27:06 Scale Barding Armor
26:58 Bodkin Arrow
27:04 Scale Mail Armor
27:05 Padded Archer Armor
31:00 Chain Mail Armor
31:06 Chain Barding Armor
30:55 Husbandry
30:59 Squires
33:34 Gold Shaft Mining
34:58 Pikeman
38:49 Imperial Age
36:10 Town Watch
36:25 Murder Holes
StabbyMcStab
3:16 Loom
12:01 Feudal Age
12:28 Horse Collar
13:33 Wheelbarrow
12:48 Double-Bit Axe
13:46 Town Watch
21:49 Castle Age
21:30 Arson
23:40 Hand Cart
24:01 Squires
24:39 Padded Archer Armor
26:56 Heavy Plow
27:13 Bow Saw
28:11 Town Patrol
28:14 Stone Mining
28:15 Gold Mining
31:15 Gold Shaft Mining
30:37 Fletching
33:27 Husbandry
34:49 Bodkin Arrow
35:11 Leather Archer Armor
Ayyaahh
11:33 Feudal Age
13:03 Wheelbarrow
12:09 Horse Collar
12:19 Double-Bit Axe
19:30 Castle Age
20:31 Hand Cart
20:18 Heavy Plow
20:29 Bow Saw
21:25 Forging
21:21 Scale Barding Armor
25:02 Chain Barding Armor
25:18 Iron Casting
26:10 Light Cavalry
27:00 Bloodlines
26:52 Husbandry
36:36 Imperial Age
38:29 Two-Man Saw
Connection lost

Rejoining the realm…

Still unreachable

The connection could not be restored.

Session expired

The server has moved on; the page needs a fresh start.